 Dungeon Crawl Stone Soup version 0.20.1-1-g8b1a95d (webtiles) character file.

2519 KoningWillie the Cleaver (level 9, -8/79 HPs)
             Began as a Minotaur Fighter on Sept 30, 2017.
             Mangled by a two-headed ogre
             ... wielding a +0 giant club
              (20 damage)
             ... on level 10 of the Dungeon.
             The game lasted 00:13:46 (6755 turns).

KoningWillie the Cleaver (Minotaur Fighter)         Turns: 6755, Time: 00:13:47

Health: -8/79      AC: 16    Str: 23    XL:     9   Next: 29%
Magic:  8/8        EV:  5    Int:  5    God:
Gold:   293        SH:  9    Dex: 11    Spells: 8/8 levels left

rFire    . . .     SeeInvis .   a - +0 war axe
rCold    . . .     Gourm    +   c - +0 shield
rNeg     . . .     Faith    .   s - +0 plate armour
rPois    .         Spirit   .   (helmet restricted)
rElec    .         Reflect  .   (no cloak)
rCorr    .         Harm     .   r - +0 pair of gloves
MR       .....                  o - +0 pair of boots
Stlth    ..........             q - amulet of the gourmand
Regen    0.3/turn               h - +1 ring of evasion
MPRegen  0.2/turn               m - ring of flight

@: no status effects
A: retaliatory headbutt, horns 2
a: Evoke Flight


You were on level 10 of the Dungeon.
You were not hungry.

You visited 1 branch of the dungeon, and saw 10 of its levels.

You collected 462 gold pieces.
You spent 169 gold pieces at shops.

Inventory:

Hand Weapons
 a - a +0 war axe (weapon)
Armour
 c - a +0 shield (worn)
 o - a +0 pair of boots (worn)
 r - a +0 pair of gloves (worn)
 s - a +0 plate armour (worn)
 B - a +0 pair of gloves
Jewellery
 h - a +1 ring of evasion (left hand)
 m - a ring of flight (right hand)
 q - an amulet of the gourmand (around neck)
 x - an uncursed amulet of magic regeneration
Wands
 t - a wand of flame (19/48)
 y - a wand of scattershot (3/9)
Scrolls
 e - 3 scrolls of remove curse
 v - 4 scrolls of identify
 z - a scroll of torment {unknown}
 A - 2 scrolls of immolation {unknown}
 D - a scroll of enchant armour {unknown}
Potions
 b - a potion of curing
 d - 2 potions of might
 j - 2 potions of lignification
 k - a potion of haste {unknown}
 l - 2 potions of ambrosia
 n - a potion of agility {unknown}
 u - 2 potions of degeneration {unknown}
 E - a potion of flight {unknown}
Books
 w - a book of Maledictions

   Spells                             Type                      Level
   a - Corona                         Hexes                        1
   b - Ensorcelled Hibernation        Hexes/Ice                    2
   c - Confuse                        Hexes                        3
   d - Tukima's Dance                 Hexes                        3
   e - Dazzling Spray                 Conjuration/Hexes            3
 C - a book of Necromancy

   Spells                             Type                      Level
   a - Pain                           Necromancy                   1
   b - Animate Skeleton               Necromancy                   1
   c - Vampiric Draining              Necromancy                   3
   d - Regeneration                   Charms/Necromancy            3
   e - Animate Dead                   Necromancy                   4
   f - Control Undead                 Necromancy                   4
Comestibles
 f - 4 bread rations
 g - 4 meat rations
 p - 3 royal jellies


   Skills:
 + Level 7.3 Fighting
 + Level 11.1 Axes
 + Level 8.8 Armour
 - Level 3.6 Shields


You had 8 spell levels left.
You didn't know any spells.

Dungeon Overview and Level Annotations

Branches:
Dungeon (10/15)
 Temple: D:4-7         Lair: D:8-11         Orc: D:9-12

Altars:
Kikubaaqudgha
Nemelex Xobeh
Uskayaw
Vehumet

Shops:
D:7 !   D:8 [   D:10 (%

Annotations:
D:9 Gastronok
D:10 Harold


Innate Abilities, Weirdness & Mutations

You reflexively headbutt those who attack you in melee.
You have a pair of horns on your head.


Message History

The two-headed ogre hits you but does no damage.
The two-headed ogre hits you with a giant spiked club!
* * * LOW HITPOINT WARNING * * *
You feel much better.
The two-headed ogre hits you but does no damage. x2
You struggle against the net.
You struggle against the net.
The two-headed ogre hits you with a giant club!!
* * * LOW HITPOINT WARNING * * *
The two-headed ogre hits you with a giant spiked club!
* * * LOW HITPOINT WARNING * * *
You feel better.
The two-headed ogre hits you with a giant club.
* * * LOW HITPOINT WARNING * * *
The two-headed ogre hits you but does no damage.
You rip the net and break free!
Harold mumbles some strange words.
Harold blinks!
The two-headed ogre hits you with a giant club!!
You die...

#......##.....
##.....≈≈≈.....
#.../.≈≈≈≈≈...∩
#.......∩≈≈....
#.....≈≈≈≈≈....
#......≈≈≈.....
........%......
.....§O@..@....
...............
........##.....
####...## ####
###. ##


You could see Harold and a two-headed ogre.

Vanquished Creatures
  Grinder (D:6)
  2 hippogriffs
  A porcupine (D:9)
  2 sky beasts
  A necrophage (D:7)
  2 ogres
  2 bullfrogs
  A wyvern zombie (D:8)
  2 scorpions
  3 wights (D:7)
  A crimson imp (D:5)
  5 hounds
  A jelly (D:6)
  2 centaur skeletons
  An orc priest (D:6)
  2 iguanas
  6 worker ants
  A hound zombie (D:7)
  A hound skeleton (D:6)
  3 gnolls (D:9)
  5 adders
  4 shadow imps
  An ooze (D:4)
  An adder skeleton (D:8)
  2 worms
  A dart slug (D:1)
  4 leopard geckos
  13 orcs (D:6)
  A ball python (D:2)
  5 giant cockroaches
  3 goblins
  6 hobgoblins
  13 jackals
  A quokka (D:6)
  8 bats
  A frilled lizard (D:4)
  10 kobolds
  A leopard gecko zombie (D:6)
  6 rats
  A fungus (D:7)
  A plant (D:7)
128 creatures vanquished.

Vanquished Creatures (others)
  4 plants (D:7)
4 creatures vanquished.

Grand Total: 132 creatures vanquished

Notes
Turn   | Place    | Note
-------+----------+-------------------------------------------
     0 | D:1      | KoningWillie the Minotaur Fighter began the quest for the Orb.
     0 | D:1      | Reached XP level 1. HP: 19/19 MP: 0/0
   114 | D:1      | Reached XP level 2. HP: 27/27 MP: 1/1
   957 | D:2      | Reached XP level 3. HP: 33/33 MP: 2/2
  1118 | D:2      | Reached skill level 3 in Axes
  1203 | D:3      | Noticed an orc warrior
  1566 | D:2      | Found a hide-covered altar of Uskayaw.
  1569 | D:2      | Found an ancient bone altar of Kikubaaqudgha.
  1572 | D:2      | Found a radiant altar of Vehumet.
  1928 | D:3      | Reached XP level 4. HP: 40/40 MP: 3/3
  2204 | D:4      | Reached skill level 4 in Axes
  2240 | D:4      | Reached skill level 5 in Armour
  2240 | D:4      | Reached XP level 5. HP: 39/47 MP: 4/4
  2438 | D:4      | Reached skill level 5 in Axes
  2483 | D:4      | Reached skill level 5 in Fighting
  3326 | D:5      | Entered Level 5 of the Dungeon
  3332 | D:5      | Reached XP level 6. HP: 56/56 MP: 5/5
  3344 | D:5      | Noticed an ice beast
  3428 | D:6      | Noticed Grinder
  3453 | D:6      | Paralysed by Grinder for 5 turns
  3459 | D:6      | Killed Grinder
  3459 | D:6      | Reached skill level 6 in Axes
  3588 | D:6      | Reached XP level 7. HP: 35/61 MP: 6/6
  3747 | D:6      | Reached skill level 7 in Axes
  4294 | D:7      | Noticed a hippogriff
  4300 | D:7      | Killed a hippogriff
  4300 | D:7      | Reached skill level 8 in Axes
  4303 | D:7      | Reached XP level 8. HP: 55/70 MP: 7/7
  4405 | D:7      | Reached skill level 9 in Axes
  4487 | D:7      | Found Jaaduc's Distillery.
  4505 | D:7      | Bought a potion of heal wounds for 65 gold pieces
  4505 | D:7      | Bought a potion of heal wounds for 65 gold pieces
  4505 | D:7      | Bought a potion of curing for 39 gold pieces
  4642 | D:7      | Found a sparkling altar of Nemelex Xobeh.
  5742 | D:8      | Noticed a hellwing
  5742 | D:8      | Noticed a two-headed ogre
  5888 | D:8      | Reached skill level 10 in Axes
  5889 | D:8      | Noticed a hellwing
  6090 | D:8      | Noticed a hippogriff
  6106 | D:8      | Killed a hippogriff
  6289 | D:8      | Reached XP level 9. HP: 65/79 MP: 8/8
  6481 | D:8      | Found Liuddeyr's Armour Shoppe.
  6528 | D:9      | Reached skill level 11 in Axes
  6736 | D:9      | Noticed Gastronok
  6742 | D:10     | Entered Level 10 of the Dungeon
  6742 | D:10     | Found Tijexown's Weapon Shop.
  6742 | D:10     | Found Dexeulolai's Food Shoppe.
  6742 | D:10     | Noticed Harold
  6742 | D:10     | Noticed a two-headed ogre
  6755 | D:10     | Mangled by a two-headed ogre

Skill      XL: |  1  2  3  4  5  6  7  8  9 |
---------------+----------------------------+-----
Armour         | 4 5 6 8 |  8.8
Fighting       | 4 5 6 7 |  7.3
Axes           | 3 4 5 6 8 10 11 | 11.1
Shields        | |  3.6

Action                   |  1- 3 |  4- 6 |  7- 9 || total
-------------------------+-------+-------+-------++-------
Melee: War axe           |    86 |    95 |   187 ||   368
       Headbutt          |    11 |    21 |    45 ||    77
  Use: Scroll            |     4 |     3 |     2 ||     9
       Potion            |       |       |     7 ||     7
  Eat: Bread ration      |     1 |       |       ||     1
       Chunk             |       |    10 |     5 ||    15
       Meat ration       |       |     1 |       ||     1
Armor: Scale mail        |    49 |    18 |       ||    67
       Plate armour      |       |    38 |   111 ||   149
Dodge: Dodged            |    35 |    32 |    30 ||    97
Block: Shield            |    55 |    54 |    73 ||   182
